Match 41439446
Unlisted

Match 41439446
End
Construct Infanterie Kompanie
Selects Breakthrough Battlegroup
Kettenkrad Recon Vehicle
MG 42 Machine Gun Team
Grenadier Squad
Grenadier Squad
Selects Assault Grenadiers
Grenadier Squad
Construct Panzergrenadier Kompanie
251 Medium Carrier
Support Elements
StuG III G Assault Gun
Nebelwerfer 42 Rocket Launcher Team
Selects 2.5-tonne Cargo Truck
Panzergrenadier Squad
2.5-tonne Cargo Truck
Construct Panzer Kompanie
Selects Blitzkrieg
Stoßtruppen Squad
Stoßtruppen Squad
Selects Tiger Heavy Tank
Tiger Heavy Tank
Side Skirts
MG 42 Bunker
Selects Smoke Bombing Run
Selects Incendiary Bombing Run
Incendiary Bombing Run
Repair Bunker
Incendiary Bombing Run
Nebelwerfer 42 Rocket Launcher Team
251 Medium Carrier
Incendiary Bombing Run
Tiger Heavy Tank
AI Takeover
Courtuneitor
MR.DOGO-YT
Jimmy English
Mr. Fahrenheit
0
0

Comments sign in to comment!

No comments posted yet!